 Dungeon Crawl Stone Soup version 0.20.1-1-g8b1a95d (webtiles) character file.

2047 Lorindel the Sneak (level 9, 0/39 HPs)
             Began as a Felid Conjurer on July 20, 2017.
             Was a Follower of Vehumet.
             Slain by a worker ant (7 damage)
             ... on level 8 of the Dungeon on July 21, 2017.
             The game lasted 01:23:23 (10433 turns).

Lorindel the Sneak (Felid Conjurer)                Turns: 10433, Time: 01:23:23

Health: 0/39       AC:  2    Str:  4    XL:     9   Next: 4%
Magic:  19/28      EV: 22    Int: 22    God:    Vehumet [*.....]
Gold:   325        SH:  0    Dex: 17    Spells: 1/20 levels left
                                        Lives:  0   Deaths: 2

rFire    . . .     SeeInvis +     - Unarmed
rCold    . . .     Gourm    .   (shield unavailable)
rNeg     . . .     Faith    .   (armour unavailable)
rPois    .         Spirit   .   (helmet unavailable)
rElec    .         Reflect  .   (cloak unavailable)
rCorr    .         Harm     .   (gloves unavailable)
MR       +....                  (boots unavailable)
Stlth    ++++......             (no amulet)
Regen    0.2/turn               c - ring of magical power
MPRegen  0.3/turn               p - +3 ring of intelligence

@: quick
A: no armour, no weapons or thrown items, stealth, claws 1, fangs 3, see
invisible, carnivore 3, speed 1, shaggy fur 2, slow metabolism 1, sharp paws
a: Renounce Religion


You were on level 8 of the Dungeon.
You worshipped Vehumet.
Vehumet was aware of your devotion.
You were completely stuffed.

You visited 2 branches of the dungeon, and saw 9 of its levels.

You collected 325 gold pieces.

Inventory:

Missiles
 e - 26 stones
 i - 97 arrows
 w - 12 poisoned needles
Jewellery
 c - a ring of magical power (left paw)
 o - an uncursed ring of resist corrosion
 p - a +3 ring of intelligence (right paw)
 s - an uncursed ring of protection from cold
 t - an uncursed ring of fire
Scrolls
 k - 6 scrolls of magic mapping
 l - 5 scrolls of remove curse
 m - 2 scrolls of amnesia
 q - 2 scrolls of identify
 u - a scroll of fog
Potions
 d - 4 potions of flight
 g - 4 potions of lignification
 h - 3 potions of might
 j - 2 potions of mutation
 n - 2 potions of haste
 r - a potion of invisibility
 v - a potion of brilliance
Books
 a - a book of Conjurations

   Spells                             Type                      Level
   a - Magic Dart                     Conjuration                  1
   b - Searing Ray                    Conjuration                  2
   c - Dazzling Spray                 Conjuration/Hexes            3
   d - Fulminant Prism                Conjuration/Hexes            4
   e - Force Lance                    Conjuration/Translocation    4
   f - Iskenderun's Mystic Blast      Conjuration                  4
Comestibles
 b - 3 meat rations
 f - 8 royal jellies
 x - 3 chunks of flesh


   Skills:
 + Level 4.1 Fighting
 + Level 6.3 Dodging
 + Level 7.0 Stealth
 + Level 4.7 Unarmed Combat
 * Level 6.3 Spellcasting
 + Level 5.9 Conjurations
 + Level 5.9 Hexes
 + Level 5.7 Translocations
 + Level 0.6 Earth Magic


You had one spell level left.
You knew the following spells:

 Your Spells              Type           Power        Failure   Level  Hunger
a - Magic Dart            Conj           ####         1%          1    None
b - Searing Ray           Conj           ####..       1%          2    None
c - Dazzling Spray        Conj/Hex       ####..       2%          3    #......
d - Force Lance           Conj/Tloc      ####....     8%          4    ###....
e - Fulminant Prism       Conj/Hex       ####......   8%          4    ###....
f - Iskenderun's Mystic   Conj           ####....     8%          4    ###....
g - Sandblast             Erth           #.....       7%          1    None


Dungeon Overview and Level Annotations

Branches:
Dungeon (8/15)             Temple (1/1) D:6
   Lair: D:8-11

Altars:
Ashenzari
Cheibriados
Dithmenos
Elyvilon
Fedhas
Gozag
Hepliaklqana
Kikubaaqudgha
Makhleb
Nemelex Xobeh
Okawaru
Qazlal
Ru
Sif Muna
Trog
Uskayaw
Vehumet
Xom
Yredelemnul
The Shining One

Annotations:
D:8 Erica


Innate Abilities, Weirdness & Mutations

You cannot wear armour.
You are incapable of wielding weapons or throwing items.
Your paws allow you to move quietly. (Stealth)
You have sharp claws.
You have razor-sharp teeth.
You have supernaturally acute eyesight. (SInv)
You are carnivorous and can eat meat at any time.
You cover ground quickly.
You are covered in thick fur. (AC +2)
You have a slow metabolism.
Your sharp claws are effective at attacking unaware monsters.


Message History

Press: ? - help, Shift-Dir - straight line, f - Erica
Aim: Erica, wielding a scimitar of flaming and wearing a robe (moderately wounded)
The searing ray misses the orc wizard.
The searing ray misses Erica. (Press . to maintain the ray.)
The orc wizard hits you with a dagger.
* * * LOW HITPOINT WARNING * * *
Erica casts a spell.
Erica flickers and vanishes for a moment.
The worker ant closely misses you. The orc wizard hits you with a dagger.
* * * LOW HITPOINT WARNING * * *
The searing ray misses the orc wizard.
The searing ray hits Erica.
Erica is moderately wounded.
The orc wizard hits you but does no damage.
The worker ant bites you but does no damage.
The searing ray hits the orc wizard.
You kill the orc wizard!
Vehumet accepts your kill.
Your Stealth skill increases to level 7!
The worker ant barely misses you. The worker ant bites you!
You die...

.....## ... ##....#
.....# #..# ##...#
....### ##..# #####
......#####...#
.............# #
.............# .#
............## #####).#
............#####a.)...#
.............##.@@.....#
...######........#######
### ###.....## ##....#
#....# #>....# #(.....#
.........# .#####....#


You could see Erica (invisible) and a worker ant.

Vanquished Creatures
  Prince Ribbit (D:7)
  2 hippogriffs
  Duvessa (D:7)
  An orc warrior (D:7)
  A black bear (D:6)
  An ice beast (D:7)
  2 sky beasts
  A phantom (D:5)
  2 centaurs
  2 ogres (D:4)
  2 crocodiles
  2 scorpions
  Dowan (D:7)
  5 killer bees (D:7)
  8 wights
  2 howler monkeys
  A crimson imp (D:6)
  A bullfrog zombie (D:7)
  3 hounds
  An orc priest (D:8)
  A jelly (D:5)
  6 orc wizards
  A bullfrog skeleton (D:6)
  Jessica (D:3)
  2 iguanas
  9 worker ants
  A hound skeleton (D:4)
  A howler monkey skeleton (D:4)
  7 adders
  A shadow imp (D:7)
  2 oozes
  2 worms (D:2)
  A dart slug (D:1)
  2 leopard geckos
  27 orcs
  3 ball pythons
  4 giant cockroaches
  5 goblins
  9 hobgoblins
  12 jackals
  2 quokkas
  5 bats
  10 frilled lizards
  9 kobolds
  A leopard gecko skeleton (D:4)
  3 rats
167 creatures vanquished.

Vanquished Creatures (others)
  14 fulminant prisms
14 creatures vanquished.

Grand Total: 181 creatures vanquished

Notes
Turn   | Place    | Note
-------+----------+-------------------------------------------
     0 | D:1      | Lorindel the Felid Conjurer began the quest for the Orb.
     0 | D:1      | Reached XP level 1. HP: 7/7 MP: 4/4
   588 | D:1      | Reached skill level 3 in Stealth
   596 | D:1      | Reached XP level 2. HP: 8/11 MP: 1/6
  1005 | D:1      | You fall through a shaft!
  1024 | D:2      | Learned a level 2 spell: Searing Ray
  1102 | D:2      | Found a sparkling altar of Nemelex Xobeh.
  1102 | D:2      | Found an opulent altar of Gozag.
  1535 | D:2      | Reached XP level 3. HP: 14/15 MP: 4/7
  1540 | D:2      | Learned a level 3 spell: Dazzling Spray
  1581 | D:2      | Reached skill level 1 in Unarmed Combat
  2781 | D:3      | Found an iron altar of Okawaru.
  2829 | D:3      | Noticed Jessica
  2834 | D:3      | Killed Jessica
  2834 | D:3      | Reached skill level 1 in Fighting
  2834 | D:3      | Reached skill level 1 in Hexes
  2834 | D:3      | Reached XP level 4. HP: 19/19 MP: 8/8
  3590 | D:4      | Noticed an ogre
  3610 | D:4      | Killed an ogre
  3610 | D:4      | Reached XP level 5. HP: 12/22 MP: 10/10
  3785 | D:4      | Reached skill level 4 in Stealth
  3794 | D:4      | Learned a level 4 spell: Force Lance
  3998 | D:4      | Gained mutation: You are covered in thick fur. (AC +2) [Felid growth]
  3998 | D:4      | Reached XP level 6. HP: 22/25 MP: 10/11
  4062 | D:4      | Reached skill level 1 in Translocations
  4514 | D:4      | Found a hide-covered altar of Uskayaw.
  4863 | D:4      | Reached XP level 7. HP: 18/30 MP: 13/13
  5221 | D:5      | Entered Level 5 of the Dungeon
  5316 | D:5      | Found a blossoming altar of Fedhas.
  5653 | D:5      | Reached skill level 5 in Stealth
  5832 | D:5      | Reached skill level 5 in Conjurations
  6098 | D:5      | Learned a level 4 spell: Fulminant Prism
  6278 | D:5      | Found a shimmering altar of Xom.
  6314 | D:5      | Mangled by a crocodile
  6315 | D:5      | Reached XP level 6. HP: -7/27 MP: 12/22
  6333 | D:5      | Reached XP level 7. HP: 30/30 MP: 14/14
  6440 | D:6      | Reached skill level 5 in Dodging
  6458 | D:6      | Found a sacrificial altar of Ru.
  6655 | D:6      | Found a staircase to the Ecumenical Temple.
  6664 | Temple   | Entered the Ecumenical Temple
  7092 | D:6      | Reached XP level 8. HP: 21/34 MP: 2/16
  7121 | D:6      | Reached skill level 5 in Spellcasting
  7383 | D:6      | Found a bloodstained altar of Trog.
  7645 | Temple   | Became a worshipper of Vehumet
  7737 | D:7      | Noticed a hippogriff
  7742 | D:7      | Killed a hippogriff
  7911 | D:7      | Found a shadowy altar of Dithmenos.
  7942 | D:7      | Noticed Prince Ribbit
  7979 | D:7      | Killed Prince Ribbit
  7979 | D:7      | Reached skill level 6 in Stealth
  8004 | D:7      | Found a deep blue altar of Sif Muna.
  8195 | D:7      | Learned a level 4 spell: Iskenderun's Mystic Blast
  8271 | D:7      | Slain by a killer bee
  8272 | D:7      | Reached XP level 7. HP: -2/31 MP: 25/25
  8386 | D:7      | Reached skill level 5 in Hexes
  8386 | D:7      | Reached XP level 8. HP: 26/36 MP: 17/17
  8818 | D:7      | Noticed Duvessa
  8818 | D:7      | Noticed Dowan
  8843 | D:7      | Killed Dowan
  8843 | D:7      | Killed Duvessa
  8843 | D:7      | Reached skill level 5 in Translocations
  9102 | D:7      | Found a burning altar of Makhleb.
  9933 | D:7      | Reached * piety under Vehumet
  9933 | D:7      | Offered knowledge of Sandblast by Vehumet.
  9936 | D:7      | Learned a level 1 spell: Sandblast
 10113 | D:8      | Noticed a hippogriff
 10121 | D:8      | Killed a hippogriff
 10339 | D:8      | Reached XP level 9. HP: 39/39 MP: 19/19
 10427 | D:8      | Noticed Erica
 10433 | D:8      | Reached skill level 7 in Stealth
 10433 | D:8      | Slain by a worker ant

Skill      XL: |  1  2  3  4  5  6  7  8  9 |
---------------+----------------------------+-----
Stealth        | 3 4 5 6 7 |  7.0
Unarmed Combat | 1 2 3 4 |  4.7
Conjurations   | 4 5 |  5.9
Fighting       | 1 2 3 4 |  4.1
Dodging        | 3 4 5 6 |  6.3
Hexes          | 1 2 3 5 |  5.9
Spellcasting   | 3 4 6 |  6.3
Translocations | 1 3 5 |  5.7
Earth Magic    | |  0.6

Action                   |  1- 3 |  4- 6 |  7- 9 || total
-------------------------+-------+-------+-------++-------
Melee: Unarmed           |    55 |    55 |   118 ||   228
       Bite              |     3 |     1 |    10 ||    14
       Punch             |       |       |     2 ||     2
 Cast: Magic Dart        |    54 |    20 |    31 ||   105
       Searing Ray       |     5 |    19 |    31 ||    55
       Dazzling Spray    |     3 |    16 |    20 ||    39
       Fulminant Prism   |       |       |    14 ||    14
       Force Lance       |       |       |    37 ||    37
       Iskenderun's Myst |       |       |     1 ||     1
  Use: Scroll            |     9 |     4 |     8 ||    21
       Potion            |     3 |     1 |     3 ||     7
 Stab: Sleeping          |       |     4 |     6 ||    10
       Invisible         |       |     1 |     3 ||     4
       Paralysed         |       |       |     1 ||     1
  Eat: Chunk             |    12 |     6 |    27 ||    45
Armor: Skin              |    21 |     3 |     8 ||    32
Dodge: Dodged            |    77 |    79 |   188 ||   344
